Match 46158486
Unlisted

Match 46158486
End
Construct Section Command Post
Selects Air and Sea Battlegroup
Infantry Section
Royal Engineer Section
Infantry Section
Vickers Machine Gun Team
Construct Field Infirmary
Grenade Package
Selects Commando Section Paradrop
Commando Section Paradrop
Commando Section Paradrop
Construct Platoon Command Post
Selects Supply Surplus
Selects UNKNOWN (223837)
Unlock M3 Stuart Light Tanks
M3 Stuart Light Tank
Selects Commando Support Section Paradrop
Royal Engineer Section
M3 Stuart Light Tank
Commando Support Section Paradrop
Selects Anti-tank Rocket Loiter
Construct Company Command Post
Construct Field Infirmary
Unlock M3 Grant Medium Tanks
Anti-tank Rocket Loiter
M3 Grant Medium Tank
Foot Guards Section
M3 Grant Medium Tank
Anti-tank Rocket Loiter
Armored Vehicle Training
Selects Naval Bombardment
BananaInPajamas
thecrazycowboygeneral
Bubbciss
Aeonax
Colbear
Unflushableturd
0
0

Comments sign in to comment!

No comments posted yet!